 Dungeon Crawl Stone Soup version 0.24-a0-512-g2b48af375b (webtiles) character file.

Game seed: 16504089744705647358

11 Mithandil the Conjurer (level 2, 15/15 HPs)
             Began as a Deep Elf Conjurer on July 20, 2019.
             Quit the game on level 1 of the Dungeon.
             The game lasted 00:03:43 (1760 turns).

Mithandil the Conjurer (Deep Elf Conjurer)          Turns: 1760, Time: 00:03:43

Health: 15/15      AC:  3    Str:  5    XL:     2   Next: 17%
Magic:  8/8        EV: 12    Int: 19    God:
Gold:   23         SH:  0    Dex: 15    Spells: 4/7 levels left

rFire    . . .     SeeInvis .   (no weapon)
rCold    . . .     Gourm    .   (no shield)
rNeg     . . .     Faith    .   b - +0 leather armour
rPois    .         Spirit   .   (no helmet)
rElec    .         Reflect  .   (no cloak)
rCorr    .         Harm     .   (no gloves)
MR       .....                  (no boots)
Stlth    ++........             (no amulet)
HPRegen  0.05/turn              (no ring)
MPRegen  0.11/turn              (no ring)

@: fainting
A: no striking features
a: no special abilities


You were on level 1 of the Dungeon.
You were fainting.

You visited 1 branch of the dungeon, and saw 2 of its levels.

You collected 23 gold pieces.

Inventory:

Armour
 b - a +0 leather armour (worn)


   Skills:
 * Level 2.5 Dodging
 + Level 2.4 Stealth
 * Level 3.1 Spellcasting
 * Level 4.9 Conjurations


You had 4 spell levels left.
You knew the following spells:

 Your Spells              Type           Power        Failure   Level  Hunger
a - Magic Dart            Conj           ###.         3%          1    None
b - Searing Ray           Conj           ###...       4%          2    ##.....

Your spell library contained the following spells:

 Spells                   Type           Power        Failure   Level  Hunger
 Dazzling Spray           Conj/Hex       ##....       26%         3    ###....
 Iskenderun's Mystic Bla  Conj           ###.....     32%         4    ####...
 Force Lance              Conj/Tloc      ##......     65%         4    ####...
 Fulminant Prism          Conj/Hex       ##........   65%         4    ####...


Dungeon Overview and Level Annotations

Branches:
Dungeon (2/15)

Altars:


Message History

You hit the bush but do no damage.
The bush is heavily damaged.
You completely miss the bush.
The bush is heavily damaged.
You hit the bush but do no damage.
The bush is heavily damaged.
You hit the bush but do no damage.
The bush is heavily damaged.
You hit the bush but do no damage.
The bush is heavily damaged.
You hit the bush but do no damage.
The bush is heavily damaged.
You hit the bush but do no damage.
The bush is heavily damaged.
You hit the bush but do no damage.
The bush is heavily damaged.
You lose consciousness!
You can move again.
Unknown command.
Are you sure you want to abandon this character and quit the game? (Confirm with "yes".)

#.# ♣♣.♣♣###..#
####.####.........# .
#..........÷.........
#.#######.#.#.##.#.#
#.# #.#.#.##..##
#.#♣♣♣♣ ♣.#.....##.#.##
#.♣.P.♣♣♣♣..###........
#.♣♣...♣♣♣#.# #..#####.
#...PP@P♣♣..###..#
##♣P♣♣PP♣♣.......#
#♣♣♣♣(♣#.#####.# ♣##.#
#.# #.# #.# #.# #.# #.#
##.## #.# ##...#
#.###....#


There were no monsters in sight!

Vanquished Creatures
  A dart slug (D:1)
  A leopard gecko (D:1)
  2 ball pythons (D:2)
  A giant cockroach (D:1)
  2 goblins (D:1)
  A plant (D:1)
8 creatures vanquished.

Notes
Turn   | Place    | Note
-------+----------+-------------------------------------------
     0 | D:1      | Mithandil the Deep Elf Conjurer began the quest for the
                  | Orb.
     0 | D:1      | Reached XP level 1. HP: 10/10 MP: 6/6
   166 | D:2      | Reached XP level 2. HP: 15/15 MP: 1/8
   170 | D:2      | Learned a level 2 spell: Searing Ray
  1129 | D:1      | Paralysed by fainting for 7 turns
  1144 | D:1      | Paralysed by fainting for 5 turns
  1157 | D:1      | Paralysed by fainting for 11 turns
  1182 | D:1      | Paralysed by fainting for 12 turns
  1750 | D:1      | Paralysed by fainting for 10 turns
  1760 | D:1      | Quit the game

Levels and vault maps discovered:
D:1:      dpeg_arrival_central, layout_loops_ring, serial_forest,
          infiniplex_forest_end_3, infiniplex_forest_straight_5,
          infiniplex_forest_fountain, infiniplex_forest_clump_long,
          infiniplex_forest_zigzag_1, infiniplex_forest_end_2,
          infiniplex_forest_lined_3, minmay_distorted
D:2:      layout_basic, chequers_temple_overflow_statue_of_worship,
          grunt_decor_arrowhead, minmay_misc_feat_rows,
          chequers_serial_rivers_micro_e, grunt_ashenzari_visionary
          [grunt_ashenzari_visionary_swamp, grunt_ashenzari_visionary_spider]

Action                   || total
-------------------------++-------
Melee: Unarmed           ||  1333
 Cast: Magic Dart        ||    14
  Eat: Ration            ||     1
Dodge: Dodged            ||     3

Table legend:
 A = Non-vault XP
 B = Vault XP
 C = Vault XP percentage of total XP
 D = Non-vault monster count
 E = Vault monster count
 F = Vault count percentage of total count
                 A         B        C        D         E       F
            +---------+---------+-------+---------+---------+-------
      Total |      17 |       0 |   0.0 |       7 |       0 |   0.0
            +---------+---------+-------+---------+---------+-------
        D:1 |      13 |       0 |   0.0 |       5 |       0 |   0.0
        D:2 |       4 |       0 |   0.0 |       2 |       0 |   0.0
            +---------+---------+-------+---------+---------+-------
